3L
LAS VEGAS FLAMINGOS @ BUCKHEAD BOWTIES
08/28/2028
 
TOP OF THE 1ST
Las Vegas Flamingos batting - Pitching for Buckhead Bowties : LHP António Castillo
Pitching: LHP António Castillo
Batting: RHB Sake van Arem 0-0: Foul Ball, location: 2F
0-1: Hit by Pitch
Batting: LHB Ruud van Ineveld 0-0: Ground out 4-3 (Groundball, 4S)
Sake van Arem to second
Batting: LHB Victor Adams 0-0: Ground out 4-3 (Groundball, 4M)
Sake van Arem to third
Batting: RHB Xavier Hernández 0-0: Ball
1-0: Called Strike
1-1: Ball
2-1: Foul Ball, location: 2F
2-2: Foul Ball, location: 2F
2-2: Foul Ball, location: 2F
2-2: Fly out, F9 (Flyball, 9)
Top of the 1st over - 0 run(s), 0 hit(s), 0 error(s), 1 left on base; Las Vegas 0 - Buckhead 0
BOTTOM OF THE 1ST
Buckhead Bowties batting - Pitching for Las Vegas Flamingos : LHP Shunen Takahashi
Pitching: LHP Shunen Takahashi
Batting: RHB Mesa Altuve 0-0: Ball
1-0: DOUBLE (Line Drive, 78XD)
Batting: RHB Al Thomas 0-0: Ball
1-0: Fly out, F9 (Flyball, 9S)
Batting: RHB Pat Ings 0-0: Foul Ball, location: 2F
0-1: Ball
1-1: Ball
2-1: SINGLE (Flyball, 6MD)
Mesa Altuve to third
Runner from 3rd tries for Home, SAFE, no throw
Batting: RHB Raúl Ruíz 0-0: Ball
1-0: Swinging Strike
1-1: Grounds into double play, 6-4-3 (Groundball, 6)
Bottom of the 1st over - 1 run(s), 2 hit(s), 0 error(s), 0 left on base; Las Vegas 0 - Buckhead 1
TOP OF THE 2ND
Las Vegas Flamingos batting - Pitching for Buckhead Bowties : LHP António Castillo
Batting: LHB Chris McKinney 0-0: Foul Ball, location: 2F
0-1: Called Strike
0-2: Ball
1-2: Foul Ball, location: 2F
1-2: Strikes out swinging
Batting: RHB Rubén Campos 0-0: Ground out 5-3 (Groundball, 56S)
Batting: RHB Jeff Young 0-0: Called Strike
0-1: Ground out 6-3 (Groundball, 6)
Top of the 2nd over - 0 run(s), 0 hit(s), 0 error(s), 0 left on base; Las Vegas 0 - Buckhead 1
BOTTOM OF THE 2ND
Buckhead Bowties batting - Pitching for Las Vegas Flamingos : LHP Shunen Takahashi
Batting: LHB Gregg Young 0-0: Ball
1-0: Ball
2-0: DOUBLE (Line Drive, 9LM)
Batting: RHB Ricardo Cardenas 0-0: Ball
1-0: Ball
2-0: Ground out 4-3 (Groundball, 4)
Gregg Young to third
Batting: RHB Mike Burns 0-0: Called Strike
0-1: Fly out, F6 (Popup, 56D)
Batting: RHB Juan Carlos Cruz 0-0: Swinging Strike
0-1: Foul Ball, location: 2F
0-2: Ball
1-2: Ball
2-2: Ball
3-2: Ground out 5-3 (Groundball, 56S)
Bottom of the 2nd over - 0 run(s), 1 hit(s), 0 error(s), 1 left on base; Las Vegas 0 - Buckhead 1
TOP OF THE 3RD
Las Vegas Flamingos batting - Pitching for Buckhead Bowties : LHP António Castillo
Batting: SHB Kunimichi Chikafuji 0-0: Ball
1-0: SINGLE (Line Drive, 78S)
Batting: RHB Pepe Castroneves 0-0: Ball
1-0: Ball
2-0: Called Strike
2-1: Ball
3-1: Called Strike
3-2: Foul Ball, location: 2F
3-2: Fly out, F9 (Flyball, 9LS)
Batting: RHB Sake van Arem 0-0: Ball
1-0: Ball
2-0: Grounds into double play, 5-4-3 (Groundball, 5L)
Top of the 3rd over - 0 run(s), 1 hit(s), 0 error(s), 0 left on base; Las Vegas 0 - Buckhead 1
BOTTOM OF THE 3RD
Buckhead Bowties batting - Pitching for Las Vegas Flamingos : LHP Shunen Takahashi
Batting: RHB Won-min Yi 0-0: Bunt for hit - play at first, batter safe!
Batting: RHB Mesa Altuve 0-0: Called Strike
0-1: Ball
1-1: Fly out, F8 (Flyball, 78S)
Batting: RHB Al Thomas 0-0: Ball
1-0: Called Strike
1-1: Fly out, F7 (Line Drive, 7)
Batting: RHB Pat Ings 0-0: Ball
1-0: 2-RUN HOME RUN (Flyball, 89XD), Distance : 406 ft
Batting: RHB Raúl Ruíz 0-0: Ball
1-0: Ball
2-0: Called Strike
2-1: Foul Ball, location: 2F
2-2: Ball
3-2: Strikes out looking
Bottom of the 3rd over - 2 run(s), 2 hit(s), 0 error(s), 0 left on base; Las Vegas 0 - Buckhead 3
TOP OF THE 4TH
Las Vegas Flamingos batting - Pitching for Buckhead Bowties : LHP António Castillo
Batting: LHB Ruud van Ineveld 0-0: Ball
1-0: Called Strike
1-1: Foul Ball, location: 2F
1-2: Foul Ball, location: 2F
1-2: Strikes out looking
Batting: LHB Victor Adams 0-0: Ball
1-0: Called Strike
1-1: Foul Ball, location: 2F
1-2: Ball
2-2: Ball
3-2: Foul Ball, location: 2F
3-2: SINGLE (Groundball, 6MD)
Batting: RHB Xavier Hernández 0-0: Called Strike
0-1: Foul Ball, location: 2F
0-2: Ball
1-2: Strikes out swinging
Batting: LHB Chris McKinney 0-0: Ball
1-0: Called Strike
1-1: Ball
2-1: Called Strike
2-2: Fly out, F5 (Popup, 5)
Top of the 4th over - 0 run(s), 1 hit(s), 0 error(s), 1 left on base; Las Vegas 0 - Buckhead 3
BOTTOM OF THE 4TH
Buckhead Bowties batting - Pitching for Las Vegas Flamingos : LHP Shunen Takahashi
Batting: LHB Gregg Young 0-0: Called Strike
0-1: Ball
1-1: Ground out U3 (Groundball, 34)
Batting: RHB Ricardo Cardenas 0-0: Ball
1-0: Swinging Strike
1-1: DOUBLE (Line Drive, 7D)
Batting: RHB Mike Burns 0-0: Ball
1-0: Ball
2-0: Foul Ball, location: 2F
2-1: Foul Ball, location: 2F
2-2: Strikes out swinging
Batting: RHB Juan Carlos Cruz 0-0: Ball
1-0: Ball
2-0: Ball
3-0: Base on Balls
Batting: RHB Won-min Yi 0-0: Called Strike
0-1: Foul Ball, location: 2F
0-2: Fielders Choice at 2nd, 5-4 (Groundball, 5L)
Bottom of the 4th over - 0 run(s), 1 hit(s), 0 error(s), 1 left on base; Las Vegas 0 - Buckhead 3
TOP OF THE 5TH
Las Vegas Flamingos batting - Pitching for Buckhead Bowties : LHP António Castillo
Batting: RHB Rubén Campos 0-0: Ball
1-0: Ground out U3 (Groundball, 3)
Batting: RHB Jeff Young 0-0: Called Strike
0-1: Swinging Strike
0-2: Strikes out swinging
Batting: SHB Kunimichi Chikafuji 0-0: Called Strike
0-1: Ground out 5-3 (Groundball, 56)
Top of the 5th over - 0 run(s), 0 hit(s), 0 error(s), 0 left on base; Las Vegas 0 - Buckhead 3
BOTTOM OF THE 5TH
Buckhead Bowties batting - Pitching for Las Vegas Flamingos : LHP Shunen Takahashi
Batting: RHB Mesa Altuve 0-0: Swinging Strike
0-1: Ball
1-1: Foul Ball, location: 2F
1-2: Ball
2-2: Ball
3-2: Strikes out swinging
Batting: RHB Al Thomas 0-0: Foul Ball, location: 2F
0-1: Ball
1-1: Called Strike
1-2: Fly out, F9 (Flyball, 9S)
Batting: RHB Pat Ings 0-0: Called Strike
0-1: Ball
1-1: Ball
2-1: SINGLE (Line Drive, 4MD)
Batting: RHB Raúl Ruíz 0-0: Called Strike
0-1: Swinging Strike
0-2: Ground out 5-3 (Groundball, 56S)
Bottom of the 5th over - 0 run(s), 1 hit(s), 0 error(s), 1 left on base; Las Vegas 0 - Buckhead 3
TOP OF THE 6TH
Las Vegas Flamingos batting - Pitching for Buckhead Bowties : LHP António Castillo
Batting: RHB Pepe Castroneves 0-0: Called Strike
0-1: Ball
1-1: Swinging Strike
1-2: Strikes out looking
Batting: RHB Sake van Arem 0-0: Swinging Strike
0-1: Ball
1-1: DOUBLE (Line Drive, 78D)
Batting: LHB Ruud van Ineveld 0-0: DOUBLE (Line Drive, 9LM)
Sake van Arem scores
Batting: LHB Victor Adams 0-0: Ball
1-0: Called Strike
Ruud van Ineveld steals 3rd base
1-1: Called Strike
1-2: Strikes out swinging
Batting: RHB Xavier Hernández 0-0: Ball
1-0: Ball
2-0: Ball
3-0: Base on Balls
Batting: LHB Chris McKinney 0-0: Called Strike
0-1: Ball
1-1: SINGLE (Line Drive, 6D)
Ruud van Ineveld scores
Xavier Hernández to second
Batting: RHB Rubén Campos 0-0: Called Strike
0-1: Swinging Strike
0-2: Foul Ball, location: 2F
0-2: Ball
1-2: Ball
2-2: Foul Ball, location: 2F
2-2: Strikes out swinging
Top of the 6th over - 2 run(s), 3 hit(s), 0 error(s), 2 left on base; Las Vegas 2 - Buckhead 3
BOTTOM OF THE 6TH
Buckhead Bowties batting - Pitching for Las Vegas Flamingos : LHP Shunen Takahashi
Batting: LHB Gregg Young 0-0: Called Strike
0-1: Swinging Strike
0-2: Foul Ball, location: 2F
0-2: Strikes out looking
Batting: RHB Ricardo Cardenas 0-0: Ball
1-0: Ground out 5-3 (Groundball, 56)
Batting: RHB Mike Burns 0-0: Ball
1-0: Swinging Strike
1-1: Swinging Strike
1-2: Ball
2-2: Foul Ball, location: 2F
2-2: Ball
3-2: Foul Ball, location: 2F
3-2: Foul Ball, location: 2F
3-2: Strikes out swinging
Bottom of the 6th over - 0 run(s), 0 hit(s), 0 error(s), 0 left on base; Las Vegas 2 - Buckhead 3
TOP OF THE 7TH
Las Vegas Flamingos batting - Pitching for Buckhead Bowties : LHP António Castillo
Batting: RHB Jeff Young 0-0: Ball
1-0: Foul Ball, location: 2F
1-1: Swinging Strike
1-2: Foul Ball, location: 2F
1-2: Ball
2-2: Strikes out looking
Batting: SHB Kunimichi Chikafuji 0-0: Called Strike
0-1: Ground out 4-3 (Groundball, 4MS)
Batting: RHB Pepe Castroneves 0-0: Ball
1-0: SINGLE (Groundball, 56D)
Batting: RHB Sake van Arem 0-0: Ball
1-0: DOUBLE (Line Drive, 7LM)
Pepe Castroneves to third
Runner from 3rd tries for Home, SAFE, no throw
Batting: LHB Ruud van Ineveld 0-0: Ball
1-0: Foul Ball, location: 2F
1-1: Foul Ball, location: 2F
1-2: Strikes out swinging
Top of the 7th over - 1 run(s), 2 hit(s), 0 error(s), 1 left on base; Las Vegas 3 - Buckhead 3
BOTTOM OF THE 7TH
Buckhead Bowties batting - Pitching for Las Vegas Flamingos : LHP Shunen Takahashi
Batting: RHB Juan Carlos Cruz 0-0: Called Strike
0-1: Ball
1-1: Foul Ball, location: 2F
1-2: Foul Ball, location: 2F
1-2: Strikes out swinging
Batting: RHB Won-min Yi 0-0: Ball
1-0: Ball
2-0: Called Strike
2-1: Swinging Strike
2-2: Ground out 5-3 (Groundball, 56S)
Batting: RHB Mesa Altuve 0-0: Called Strike
0-1: Ball
1-1: Ball
2-1: Swinging Strike
2-2: SINGLE (Groundball, 5D)
Batting: RHB Al Thomas 0-0: Swinging Strike
0-1: Called Strike
0-2: Ball
Mesa Altuve is caught stealing 2nd base
Bottom of the 7th over - 0 run(s), 1 hit(s), 0 error(s), 0 left on base; Las Vegas 3 - Buckhead 3
TOP OF THE 8TH
Las Vegas Flamingos batting - Pitching for Buckhead Bowties : LHP António Castillo
Pitching: RHP Kyle Buckman
Batting: LHB Victor Adams 0-0: Ball
1-0: Ground out 6-3 (Groundball, 6)
Batting: RHB Xavier Hernández 0-0: Ball
1-0: Called Strike
1-1: Ball
2-1: Ball
3-1: Called Strike
3-2: Foul Ball, location: 2F
3-2: Base on Balls
Batting: LHB Chris McKinney 0-0: Ball
Xavier Hernández is caught stealing 2nd base
1-0: Ground out 6-3 (Groundball, 4)
Top of the 8th over - 0 run(s), 0 hit(s), 0 error(s), 0 left on base; Las Vegas 3 - Buckhead 3
BOTTOM OF THE 8TH
Buckhead Bowties batting - Pitching for Las Vegas Flamingos : LHP Shunen Takahashi
Batting: RHB Al Thomas 0-0: Called Strike
0-1: Ball
1-1: Ball
2-1: Ground out 6-3 (Groundball, 6)
Batting: RHB Pat Ings 0-0: Called Strike
0-1: Ball
1-1: Ball
2-1: SINGLE (Groundball, 34D)
Pitching: LHP Jeff Bradshaw
Batting: RHB Raúl Ruíz 0-0: Ball
1-0: Ball
2-0: Called Strike
2-1: Called Strike
2-2: Fielders Choice at 2nd, 6-4 (Groundball, 6)
Pinch Hitting: RHB Freddy Carea 0-0: Foul Ball, location: 2F
0-1: Foul Ball, location: 2F
0-2: Ball
1-2: Fly out, F9 (Line Drive, 9)
Bottom of the 8th over - 0 run(s), 1 hit(s), 0 error(s), 1 left on base; Las Vegas 3 - Buckhead 3
TOP OF THE 9TH
Las Vegas Flamingos batting - Pitching for Buckhead Bowties : RHP Kyle Buckman
Pitching: RHP Joshua Long
Now at 1B: Freddy Carea
Pinch Hitting: LHB Ye Der 0-0: Called Strike
0-1: Foul Ball, location: 2F
0-2: Strikes out swinging
Batting: RHB Jeff Young 0-0: Ball
1-0: SINGLE (Groundball, 56S) (infield hit)
Batting: SHB Kunimichi Chikafuji 0-0: Foul Ball, location: 2F
0-1: Foul Ball, location: 2F
0-2: Fielders Choice at 2nd, 4-6 (Groundball, 4)
Pinch Hitting: LHB Job Pels 0-0: Ball
1-0: Ball
2-0: Ball
3-0: Base on Balls
Kunimichi Chikafuji to second
Batting: RHB Sake van Arem 0-0: Ground out 3-1 (Groundball, 34)
Top of the 9th over - 0 run(s), 1 hit(s), 0 error(s), 2 left on base; Las Vegas 3 - Buckhead 3
BOTTOM OF THE 9TH
Buckhead Bowties batting - Pitching for Las Vegas Flamingos : LHP Jeff Bradshaw
Pitching: RHP John Brown
Now in LF: Ye Der
Now in RF: Job Pels
Batting: RHB Ricardo Cardenas 0-0: Ball
1-0: Foul Ball, location: 2F
1-1: Ball
2-1: Foul Ball, location: 2F
2-2: SINGLE (Line Drive, 6MD)
Batting: RHB Mike Burns 0-0: Ball
1-0: Bunt missed!
1-1: Bunted foul
1-2: Ball
2-2: Ball
3-2: Base on Balls
Ricardo Cardenas to second
Batting: RHB Juan Carlos Cruz 0-0: Called Strike
0-1: Ball
1-1: Swinging Strike
1-2: Strikes out swinging
Batting: RHB Won-min Yi 0-0: Ball
1-0: Ball
Wild Pitch!
Ricardo Cardenas to third
Mike Burns to second
2-0: Intentional Walk
Batting: RHB Mesa Altuve 0-0: Ball
1-0: Foul Ball, location: 2F
1-1: Called Strike
1-2: Ball
2-2: Fly out, F6 (Popup, 6D)
Batting: RHB Al Thomas 0-0: Ground out 4-3 (Groundball, 4MD)
Bottom of the 9th over - 0 run(s), 1 hit(s), 0 error(s), 3 left on base; Las Vegas 3 - Buckhead 3
TOP OF THE 10TH
Las Vegas Flamingos batting - Pitching for Buckhead Bowties : RHP Joshua Long
Batting: LHB Ruud van Ineveld 0-0: Swinging Strike
0-1: Swinging Strike
0-2: SINGLE (Groundball, 4) (infield hit)
Batting: LHB Victor Adams 0-0: Called Strike
0-1: Ball
1-1: Ball
2-1: Foul Ball, location: 2F
2-2: Strikes out swinging
Batting: RHB Xavier Hernández 0-0: Called Strike
Ruud van Ineveld is caught stealing 2nd base
0-1: Swinging Strike
0-2: Ground out 5-3 (Groundball, 56)
Top of the 10th over - 0 run(s), 1 hit(s), 0 error(s), 0 left on base; Las Vegas 3 - Buckhead 3
BOTTOM OF THE 10TH
Buckhead Bowties batting - Pitching for Las Vegas Flamingos : RHP John Brown
Pinch Hitting: RHB Lorenzo Díaz 0-0: Fly out, F8 (Flyball, 8RD)
Batting: RHB Raúl Ruíz 0-0: Called Strike
0-1: Ball
1-1: Foul Ball, location: 2F
1-2: Foul Ball, location: 2F
1-2: Strikes out swinging
Batting: RHB Freddy Carea 0-0: Ball
1-0: Ball
2-0: Called Strike
2-1: Ball
3-1: Ground out 5-3 (Groundball, 56S)
Bottom of the 10th over - 0 run(s), 0 hit(s), 0 error(s), 0 left on base; Las Vegas 3 - Buckhead 3
TOP OF THE 11TH
Las Vegas Flamingos batting - Pitching for Buckhead Bowties : RHP Joshua Long
Pitching: RHP Orlando Miranda
Now in LF: Albert Morales
Batting: LHB Chris McKinney 0-0: Ball
1-0: Ball
2-0: Called Strike
2-1: Ball
3-1: Called Strike
3-2: Strikes out swinging
Batting: LHB Ye Der 0-0: Swinging Strike
0-1: Ball
1-1: Swinging Strike
1-2: SINGLE (Line Drive, 9)
Batting: RHB Jeff Young 0-0: Ball
1-0: Ball
2-0: Grounds into double play, 6-4-3 (Groundball, 6MD)
Top of the 11th over - 0 run(s), 1 hit(s), 0 error(s), 0 left on base; Las Vegas 3 - Buckhead 3
BOTTOM OF THE 11TH
Buckhead Bowties batting - Pitching for Las Vegas Flamingos : RHP John Brown
Pitching: RHP Bartolo Ramírez
Batting: RHB Ricardo Cardenas 0-0: Ball
1-0: Foul Ball, location: 2F
1-1: Ball
2-1: Ground out 5-3 (Groundball, 56)
Batting: RHB Mike Burns 0-0: Ball
1-0: Ball
2-0: Ball
3-0: Called Strike
3-1: Ground out 6-3 (Groundball, 56)
Batting: RHB Juan Carlos Cruz 0-0: Called Strike
0-1: Ball
1-1: Ball
2-1: Ball
3-1: Base on Balls
Batting: RHB Won-min Yi 0-0: Ball
1-0: Called Strike
1-1: Called Strike
1-2: Ball
2-2: Strikes out swinging
Bottom of the 11th over - 0 run(s), 0 hit(s), 0 error(s), 1 left on base; Las Vegas 3 - Buckhead 3
TOP OF THE 12TH
Las Vegas Flamingos batting - Pitching for Buckhead Bowties : RHP Orlando Miranda
Batting: SHB Kunimichi Chikafuji 0-0: Called Strike
0-1: Ball
1-1: Ground out 4-3 (Groundball, 4)
Batting: LHB Job Pels 0-0: Ball
1-0: SINGLE (Groundball, 4MD)
Batting: RHB Sake van Arem 0-0: Foul Ball, location: 2F
0-1: Ball
1-1: Ball
2-1: Foul Ball, location: 2F
2-2: SINGLE (Groundball, 6MD)
Job Pels to second
Batting: LHB Ruud van Ineveld 0-0: Called Strike
0-1: Foul Ball, location: 2F
0-2: Strikes out looking
Batting: LHB Victor Adams 0-0: Ball
1-0: Called Strike
1-1: SINGLE (Groundball, 6D)
Job Pels to third
Sake van Arem to second
Runner from 3rd tries for Home, SAFE, no throw
Batting: RHB Xavier Hernández 0-0: Foul Ball, location: 2F
0-1: Fielders Choice at 2nd, 4-6 (Groundball, 4)
Top of the 12th over - 1 run(s), 3 hit(s), 0 error(s), 1 left on base; Las Vegas 4 - Buckhead 3
BOTTOM OF THE 12TH
Buckhead Bowties batting - Pitching for Las Vegas Flamingos : RHP Bartolo Ramírez
Batting: RHB Mesa Altuve 0-0: Ball
1-0: Fly out, F9 (Flyball, 9)
Batting: RHB Al Thomas 0-0: Called Strike
0-1: Ball
1-1: DOUBLE (Line Drive, 9LS)
Batting: RHB Albert Morales 0-0: Ball
1-0: Called Strike
1-1: Fly out, F7 (Flyball, 78M)
Batting: RHB Raúl Ruíz 0-0: Ball
1-0: Called Strike
1-1: Called Strike
1-2: Ball
2-2: Foul Ball, location: 2F
2-2: Ball
3-2: Base on Balls
Batting: RHB Freddy Carea 0-0: Fly out, F7 (Flyball, 7LM)
Bottom of the 12th over - 0 run(s), 1 hit(s), 0 error(s), 2 left on base; Las Vegas 4 - Buckhead 3
Wednesday, August 30th, 2017 - OOTP Baseball 17.12 Build 75